 Dungeon Crawl Stone Soup version 0.26-a0-259-g1effd001a9 (webtiles) character file.

Game seed: 10830093440375009562

165 vurker the Chiller (level 5, -2/41 HPs)
             Began as a Draconian Ice Elementalist on July 14, 2020.
             Slain by Grinder (5 damage)
             ... on level 3 of the Dungeon.
             The game lasted 00:04:27 (3075 turns).

vurker the Chiller (Draconian Ice Elementalist)     Turns: 3075, Time: 00:04:28

Health: -2/41      AC:  9    Str: 10    XL:     5   Next: 21%
Magic:  1/10       EV: 12    Int: 16    God:
Gold:   125        SH:  0    Dex: 12    Spells: 3/11 levels left

rFire    . . .     SeeInvis .   c - +2 dagger (freeze)
rCold    . . .     Faith    .   (no shield)
rNeg     . . .     Spirit   .   (armour unavailable)
rPois    .         Reflect  .   (helmet restricted)
rElec    .         Harm     .   (no cloak)
rCorr    .                      (no gloves)
MR       .....                  (no boots)
Stlth    ++........             (no amulet)
HPRegen  0.13/turn              f - +4 ring of protection
MPRegen  0.12/turn              (no ring)

@: frozen ramparts
A: unfitting armour, cold-blooded, AC +5
a: no special abilities


You were on level 3 of the Dungeon.
You were not hungry.

You visited 1 branch of the dungeon, and saw 3 of its levels.

You collected 125 gold pieces.

Inventory:

Hand Weapons
 c - a +2 dagger of freezing (weapon)
   (You took it off a kobold on level 1 of the Dungeon)
Jewellery
 f - a +4 ring of protection (left hand)
   (You found it on level 1 of the Dungeon)
Scrolls
 d - a scroll of fear {unknown}
 h - 4 scrolls of identify {unknown}
 i - a scroll of remove curse {unknown}
 j - a scroll of teleportation {unknown}
Potions
 a - a potion of curing {unknown}
 b - 2 potions of haste {unknown}
 g - a potion of lignification {unknown}
 k - a potion of heal wounds {unknown}
 l - a potion of brilliance {unknown}
Comestibles
 e - 12 rations


   Skills:
 + Level 2.2 Fighting
 - Level 1.7 Dodging
 - Level 1.7 Stealth
 * Level 3.5 Spellcasting
 * Level 0.2 Conjurations
 * Level 5.1 Ice Magic


You had 3 spell levels left.
You knew the following spells:

 Your Spells              Type           Power        Failure   Level
a - Freeze                Ice            ###.         2%          1
b - Frozen Ramparts       Ice            ###...       6%          3
c - Hailstorm             Conj/Ice       ##......     52%         4

Your spell library contained the following spells:

 Spells                   Type           Power        Failure   Level
 Ozocubu's Armour         Chrm/Ice       ##......     19%         3
 Summon Ice Beast         Ice/Summ       ##......     52%         4


Dungeon Overview and Level Annotations

Branches:
Dungeon (3/15)

Altars:
Dithmenos
Fedhas
Trog
Wu Jian

Annotations:
D:3 Grinder


Innate Abilities, Weirdness & Mutations

Your plain brown scales are hard. (AC +5)
You cannot fit into any form of body armour.
You are cold-blooded and may be slowed by cold attacks.


Message History

Grinder completely resists.
The wall freezes Grinder but do no damage.
Grinder blinks!
Grinder is too close now for your liking.
The frozen ramparts melt away.
The walls around you are covered in ice.
Grinder completely resists.
The wall freezes Grinder but do no damage.
Grinder completely resists.
The wall freezes Grinder but do no damage.
Grinder blinks!
Unknown command.
Grinder resists.
The wall freezes Grinder.
Grinder says, "Are you a fish?"
Aim: Grinder (lightly wounded) Grinder resists.
You freeze Grinder.
Grinder completely resists.
The wall freezes Grinder but do no damage.
Grinder blinks!
You can't see any susceptible monsters within range! (Use Z to cast anyway.) Grinder completely resists.
The wall freezes Grinder but do no damage.
Grinder gestures at you. Pain shoots through your body!
The frozen ramparts melt away.
There is an escape hatch in the ceiling here.
Aim: Grinder (lightly wounded) Grinder resists.
You freeze Grinder. Grinder completely misses you.
The walls around you are covered in ice.
Grinder completely resists.
The wall freezes Grinder but do no damage.
Grinder hits you.
You writhe in agony.
You closely miss Grinder.
Grinder completely resists.
The wall freezes Grinder but do no damage.
Grinder gestures at you. You resist with significant effort.
You closely miss Grinder.
Grinder completely resists.
The wall freezes Grinder but do no damage.
Grinder hits you.
You writhe in agony.
You hit Grinder but do no damage.
Grinder completely resists.
The wall freezes Grinder but do no damage.
Grinder hits you!
* * * LOW HITPOINT WARNING * * *
You writhe in agony.
* * * LOW HITPOINT WARNING * * *
Unknown command.
You closely miss Grinder.
Grinder resists.
The wall freezes Grinder.
Grinder hits you.
* * * LOW HITPOINT WARNING * * *
You writhe in agony.
You die...

.# #.##.## #. #####.#...## #. #..
.......# #.###.###.....#
#..........#.###
.....#.#........####
#####.#.#.##5........
#.......#....@...# .##
#.###.#######...## #...#
###.###.# ##.....## ###...#
........# ##.......## ##.#...#
###.#...####.........####.......
#.)......+.........'†.........
####.#(..####.........####.......
.........# ##..(....## #.......
.###.###.# ##.....## #...(...


You could see Grinder.

Vanquished Creatures
  Jessica (D:2)
  Robin (D:2)
  A gnoll (D:1)
  2 adders
  An ooze (D:2)
  2 dart slugs
  A leopard gecko (D:2)
  An orc (D:3)
  2 giant cockroaches (D:1)
  21 goblins
  13 hobgoblins
  4 jackals
  2 ball pythons
  9 bats
  6 frilled lizards
  11 kobolds
  9 rats
87 creatures vanquished.

Notes
Turn   | Place    | Note
-------+----------+-------------------------------------------
     0 | D:1      | vurker the Draconian Ice Elementalist began the quest for
                  | the Orb.
     0 | D:1      | Reached XP level 1. HP: 14/14 MP: 3/3
   436 | D:1      | Reached XP level 2. HP: 13/22 MP: 0/5
  1161 | D:1      | Reached skill level 1 in Fighting
  1190 | D:1      | Reached XP level 3. HP: 16/28 MP: 1/6
  1969 | D:2      | Learned a level 3 spell: Frozen Ramparts
  2028 | D:2      | Noticed Jessica
  2042 | D:2      | Killed Jessica
  2042 | D:2      | Reached XP level 4. HP: 30/36 MP: 2/8
  2204 | D:2      | Found a shadowy altar of Dithmenos.
  2207 | D:2      | Found an ornate altar of the Wu Jian Council.
  2210 | D:2      | Found a bloodstained altar of Trog.
  2255 | D:2      | Found a shadowy altar of Dithmenos.
  2491 | D:2      | Noticed Robin
  2501 | D:2      | Killed Robin
  2501 | D:2      | Reached skill level 5 in Ice Magic
  2502 | D:2      | Reached XP level 5. HP: 41/41 MP: 3/10
  2804 | D:3      | Found a blossoming altar of Fedhas.
  2852 | D:3      | Learned a level 4 spell: Hailstorm
  3047 | D:3      | Noticed Grinder
  3075 | D:3      | Slain by Grinder

Illustrated notes

Levels and vault maps discovered:
D:1:      dpeg_arrival_morbid_curiosity, layout_basic
D:2:      layout_rooms, grunt_temple_overflow_diamond, first_ration,
          hangedman_decor_peaks_small, nicolae_dithmenos_shadow_blocks,
          uniq_jessica, uniq_robin
D:3:      layout_loops_corners, gammafunk_ghost_stat_death, lemuel_statue_altar,
          uniq_grinder, uniq_natasha

Skill      XL: |  1  2  3  4 |
---------------+-------------+-----
Fighting       | 1 2 |  2.2
Spellcasting   | 3 |  3.5
Ice Magic      | 5 |  5.1
Dodging        | |  1.7
Stealth        | |  1.7
Conjurations   | |  0.2

Action                   |  1- 3 |  4- 6 || total
-------------------------+-------+-------++-------
Melee: Unarmed           |    12 |       ||    12
       Tailslap          |     4 |     1 ||     5
       Dagger            |    38 |    32 ||    70
       Short sword       |     3 |       ||     3
 Cast: Freeze            |    44 |    18 ||    62
       Frozen Ramparts   |     2 |     7 ||     9
 Stab: Sleeping          |     2 |     1 ||     3
  Eat: Ration            |     1 |     1 ||     2
Armor: Skin              |    39 |    18 ||    57
Dodge: Dodged            |    78 |    39 ||   117

Table legend:
 A = Non-vault XP
 B = Vault XP
 C = Vault XP percentage of total XP
 D = Non-vault monster count
 E = Vault monster count
 F = Vault count percentage of total count
                 A         B        C        D         E       F
            +---------+---------+-------+---------+---------+-------
      Total |     150 |      86 |  36.4 |      68 |      19 |  21.8
            +---------+---------+-------+---------+---------+-------
        D:1 |      60 |       9 |  13.0 |      31 |       5 |  13.9
        D:2 |      55 |      77 |  58.3 |      22 |      14 |  38.9
        D:3 |      35 |       0 |   0.0 |      15 |       0 |   0.0
            +---------+---------+-------+---------+---------+-------
